 Dungeon Crawl Stone Soup version 0.23-a0-309-ge7838e6 (webtiles) character file.

25 Amnesiac the Sneak (level 2, -5/11 HPs)
             Began as a Felid Earth Elementalist on Oct 11, 2018.
             Slain by Crazy Yiuf
             ... wielding a +4 quarterstaff of chaos
              (11 damage)
             ... on level 5 of the Dungeon.
             The game lasted 00:03:10 (921 turns).

Amnesiac the Sneak (Felid Earth Elementalist)        Turns: 921, Time: 00:03:10

Health: -5/11      AC:  1    Str:  4    XL:     2   Next: 86%
Magic:  14/15      EV: 23    Int: 16    God:
Gold:   22         SH:  0    Dex: 21    Spells: 2/5 levels left
                                        Lives:  0   Deaths: 0

rFire    . . .     SeeInvis +     - Unarmed
rCold    . . .     Gourm    .   (shield unavailable)
rNeg     . . .     Faith    .   (armour unavailable)
rPois    .         Spirit   .   (helmet unavailable)
rElec    .         Reflect  .   (cloak unavailable)
rCorr    .         Harm     .   (gloves unavailable)
MR       .....                  (boots unavailable)
Stlth    ++++......             (no amulet)
HPRegen  0.03/turn              d - ring of magical power
MPRegen  0.14/turn              m - ring of flight

@: agile, flying, quick
A: very small, no armour, no weapons or thrown items, stealth, claws 1, fangs 3,
see invisible, carnivore, speed 1, shaggy fur 1, slow metabolism 1, sharp paws
a: no special abilities


You were on level 5 of the Dungeon.
You were completely stuffed.

You visited 1 branch of the dungeon, and saw 5 of its levels.

You collected 22 gold pieces.

Inventory:

Missiles
 b - 44 stones
Jewellery
 d - a ring of magical power (left paw)
 f - an uncursed ring of fire
 m - a ring of flight (right paw)
Scrolls
 a - 2 scrolls of teleportation {!r}
 e - a scroll of enchant armour {!r, unknown}
 i - a scroll of remove curse {!r, unknown}
 j - a scroll of identify {!r, unknown}
 n - a scroll of magic mapping {!r, unknown}
Potions
 h - a potion of agility {!q}
 o - a potion of mutation {!q, unknown}
Comestibles
 c - 2 rations


   Skills:
 - Level 2.6 Dodging
 - Level 3.0 Stealth
 * Level 1.6 Unarmed Combat
 - Level 2.0 Spellcasting
 + Level 1.5 Transmutations
 - Level 3.0 Earth Magic


You had 2 spell levels left.
You knew the following spells:

 Your Spells              Type           Power        Failure   Level  Hunger
a - Sandblast             Erth           ##....       6%          1    #......
b - Passwall              Tmut/Erth      #.......     12%         2    ###....

Your spell library contained the following spells:

 Spells                   Type           Power        Failure   Level  Hunger
 Stone Arrow              Conj/Erth      #.....       32%         3    ###....
 Petrify                  Tmut/Erth      #.......     63%         4    #####..
 Lee's Rapid Deconstruct  Erth           ##........   86%         5    ######.


Dungeon Overview and Level Annotations

Branches:
Dungeon (5/15)
 Temple: D:4-7

Altars:
Dithmenos

Annotations:
D:5 1 runed door, exclusions: centaur and sky beast, Crazy Yiuf


Innate Abilities, Weirdness & Mutations

You cannot wear armour.
You are incapable of wielding weapons or throwing items.
Your paws allow you to move quietly. (Stealth)
You have sharp claws.
You have razor-sharp teeth.
You have supernaturally acute eyesight. (SInv)
You are carnivorous and can eat meat at any time.
You cover ground quickly.
You are covered in fur. (AC +1)
You have a slow metabolism.
Your sharp claws are effective at attacking unaware monsters.


Message History

You feel sick.
* * * LOW HITPOINT WARNING * * *
You feel sick.
All of the chunks of flesh in your inventory have rotted away.
* * * LOW HITPOINT WARNING * * *
You feel sick.
* * * LOW HITPOINT WARNING * * *
You feel sick.
Your magical contamination has completely faded away.
There is a stone staircase leading down here.
You climb downwards.
You hear the hiss of flowing sand.
There is an entrance to an ossuary on this level.
Hurry and find it before the
* * * LOW HITPOINT WARNING * * *
You feel sick.
Found 13 stones.
There is a stone staircase leading up here.
Really quaff
h - 2 amethyst potions {!q}?
It was a potion of agility {!q}.
You feel agile all of a sudden.
Really quaff
g - a sapphire potion {!q}?
It was a potion of flight {!q}.
You feel very buoyant.
You fly up into the air.
Really quaff
k - a fuming yellow potion {!q}?
It was a potion of curing {!q}.
You feel better.
Found a scroll labeled FOXTUICEI.
A sky beast comes into view.
Press: ? - help, v - describe, . - travel
Here: a sky beast (resting)
The floor.
Placed new exclusion.
A jackal comes into view.
Found a stone staircase leading down.
Found an escape hatch in the ceiling.
A centaur comes into view.
There is an escape hatch in the ceiling here.
Found a shadowy altar of Dithmenos.
Partly explored, can't reach some places.
Partly explored, can't reach some places.
Really fly into a travel-excluded area?
Okay, then.
Really read
a - 3 scrolls labeled BOONUTHR SECENO {!r}?
As you read the scroll labeled BOONUTHR SECENO {!r}, it crumbles to dust.
You feel strangely unstable.
It was a scroll of teleportation {!r}.
Your surroundings suddenly seem different.
Found a mace.
Found a runed door.
Crazy Yiuf the Enlightened comes into view.
He is wielding a quarterstaff of The helpless Crazy Yiuf fails to defend himself.
You claw Crazy Yiuf! You bite Crazy Yiuf, but do no damage.
Crazy Yiuf is heavily wounded.
Crazy Yiuf screams, "Cake action ragdoll!"
Crazy Yiuf hits you with a quarterstaff of chaos.
Casting: Sandblast (safe; 6% risk of failure)
Confirm with . or Enter, or press ? or * to list all spells.
Aiming: Sandblast (safe; 6% risk of failure)
Press: ? - help, Shift-Dir - straight line, f - Crazy Yiuf
Aim: Crazy Yiuf, wielding a quarterstaff of chaos and wearing a glowing cloak The blast of sand hits Crazy Yiuf.
Crazy Yiuf is severely wounded.
b - 44 stones Crazy Yiuf hits you with a quarterstaff of chaos!
Ouch! That really hurt!
You die...

#####
#.@.#
+..g#
#..)#
#####


You could see Crazy Yiuf.

Vanquished Creatures
  3 dart slugs (D:1)
  A ball python (D:1)
  A bat (D:1)
  A giant cockroach (D:1)
  7 hobgoblins
  A frilled lizard (D:1)
  A kobold (D:1)
  3 rats
18 creatures vanquished.

Notes
Turn   | Place    | Note
-------+----------+-------------------------------------------
     0 | D:1      | Amnesiac the Felid Earth Elementalist began the quest for
                  | the Orb.
     0 | D:1      | Reached XP level 1. HP: 7/7 MP: 4/4
   168 | D:1      | Reached XP level 2. HP: 7/11 MP: 6/6
   175 | D:1      | Learned a level 2 spell: Passwall
   297 | D:1      | Reached skill level 1 in Unarmed Combat
   891 | D:5      | Entered Level 5 of the Dungeon
   897 | D:5      | Noticed a sky beast
   915 | D:5      | Noticed a centaur
   916 | D:5      | Found a shadowy altar of Dithmenos.
   919 | D:5      | Found a runed door.
   920 | D:5      | Noticed Crazy Yiuf
   921 | D:5      | Slain by Crazy Yiuf

Vault maps used:
D:1:      lightli_arrival_noodles, st_stairs_13, minmay_tromino_i4
D:2:      first_ration, elyvilon_altar_4
D:3:      makhleb_heckhound_becter, uniq_grinder
D:4:      nicolae_qazlal_general_emergency
D:5:      fedhas_altar_2, nicolae_overflow_crystal_walls, basic_altar,
          nicolae_ossuary_entry_giza, nicolae_ashenzari_panopticon,
          uniq_sigmund, uniq_crazy_yiuf_cottage

Skill      XL: |  1  2 |
---------------+-------+-----
Stealth        | 3 |  3.0
Earth Magic    | 3 |  3.0
Unarmed Combat | 1 |  1.6
Dodging        | |  2.6
Spellcasting   | |  2.0
Transmutations | |  1.5

Action                   || total
-------------------------++-------
Melee: Unarmed           ||    22
       Bite              ||     6
 Cast: Sandblast         ||    16
  Use: Potion            ||     3
       Scroll            ||     1
 Stab: Sleeping          ||     6
  Eat: Chunk             ||     7
Armor: Skin              ||     1
Dodge: Dodged            ||    27

Table legend:
 A = Non-vault XP
 B = Vault XP
 C = Vault XP percentage of total XP
 D = Non-vault monster count
 E = Vault monster count
 F = Vault count percentage of total count
                 A         B        C        D         E       F
            +---------+---------+-------+---------+---------+-------
      Total |      28 |       9 |  24.3 |      14 |       4 |  22.2
            +---------+---------+-------+---------+---------+-------
        D:1 |      21 |       9 |  30.0 |      10 |       4 |  28.6
        D:2 |       4 |       0 |   0.0 |       2 |       0 |   0.0
        D:3 |       3 |       0 |   0.0 |       2 |       0 |   0.0
            +---------+---------+-------+---------+---------+-------
